 Dungeon Crawl Stone Soup version 0.31-a0-182-gc5ef74bbde (webtiles) character file.

Game seed: 9481732635098126990

46336 Pooter the Severer (level 14, -4/133 HPs)
             Began as a Minotaur Berserker on June 20, 2023.
             Was an Elder of Trog.
             Drowned by a drowned soul (9 damage)
             ... summoned by a merfolk avatar
             ... on level 5 of the Lair of Beasts.
             The game lasted 01:30:42 (23459 turns).

Pooter the Severer (Minotaur Berserker)            Turns: 23459, Time: 01:30:43

Health: -4/133     AC: 15    Str: 26    XL:     14   Next: 4%
Magic:  13/13      EV: 11    Int:  4    God:    Trog [****..]
Gold:   1614       SH:  7    Dex: 11    Spells: 13/13 levels left

rFire   . . .        a - +1 broad axe (venom)
rCold   . . .        z - +0 kite shield
rNeg    . . .        c - +1 plate armour
rPois   +            (helmet restricted)
rElec   .            s - +0 cloak {Stlth+}
rCorr   .            y - +0 pair of gloves
SInv    .            e - +0 pair of boots
Will    +++..        V - amulet of the acrobat Stlth
                     P - ring of poison resistance
HPRegen 1.42/turn    X - +5 ring of evasion
MPRegen 0.13/turn

%: acrobat
@: strong-willed, mesmerised, regenerating, very slow
A: horns 2, retaliatory headbutt
a: Renounce Religion, Berserk, Trog's Hand, Brothers in Arms


You were on level 5 of the Lair of Beasts.
You worshipped Trog.
Trog was greatly pleased with you.
You visited 2 branches of the dungeon, and saw 15 of its levels.
You also visited: Sewer and Bailey.

You collected 1614 gold pieces.

Inventory:

Hand Weapons
 a - a +1 broad axe of venom (weapon)
   (You found it on level 10 of the Dungeon)
 b - the +6 sling of the Candelabrum {elec, Int+2}
   (You found it on level 3 of the Dungeon)

   Int:       It affects your intelligence (+2).
 A - a +3 war axe
   (You found it on level 3 of the Dungeon)
 I - a +2 trident of flaming
   (You found it on level 6 of the Dungeon)
 K - a +4 morningstar
   (You took it off a wight on level 7 of the Dungeon)
 M - the +4 shortbow of the Vaults {freeze, rElec rN+++ Int-2 Dex-5}
   (You took it off a kobold in a bailey)

   Int:       It affects your intelligence (-2).
   Dex:       It affects your dexterity (-5).
   rElec:     It insulates you from electricity.
   rN:        It renders you almost immune to negative energy.
 R - a +4 scimitar of flaming
   (You took it off Erica on level 8 of the Dungeon)
 U - the +8 flail of Teufely {elec, rF+ Str-2 Int+2}
   (You found it on level 5 of the Dungeon)

   Str:       It affects your strength (-2).
   Int:       It affects your intelligence (+2).
   rF:        It protects you from fire.
Missiles
 o - 2 silver javelins
 v - 39 poisoned darts (quivered)
 G - 15 curare-tipped darts
 J - 6 datura-tipped darts
 L - 4 atropa-tipped darts
 N - 23 boomerangs
 O - 4 javelins
 Q - 135 stones
Armour
 c - a +1 plate armour (worn)
   (You found it on level 7 of the Dungeon)
 e - a +0 pair of boots (worn)
   (You found it on level 3 of the Dungeon)
 s - a +0 cloak of stealth (worn)
   (You took it off Crazy Yiuf on level 5 of the Dungeon)
 y - a +0 pair of gloves (worn)
   (You found it on level 3 of the Dungeon)
 z - a +0 kite shield (worn)
   (You found it on level 8 of the Dungeon)
Jewellery
 k - a ring of ice
   (You found it on level 2 of the Dungeon)
 n - a ring of willpower
   (You found it on level 5 of the Dungeon)
 F - a ring of protection from fire
   (You found it on level 4 of the Lair of Beasts)
 P - a ring of poison resistance (left hand)
   (You found it on level 1 of the Dungeon)
 S - a ring of see invisible
   (You found it on level 1 of the Lair of Beasts)
 V - an amulet of the acrobat (around neck)
   (You found it on level 9 of the Dungeon)
 X - a +5 ring of evasion (right hand)
   (You found it on level 9 of the Dungeon)
Wands
 f - a wand of flame (14)
   (You found it on level 2 of the Lair of Beasts)
 m - a wand of polymorph (21)
   (You found it on level 8 of the Dungeon)
 u - a wand of paralysis (28)
   (You found it on level 5 of the Dungeon)
 D - a wand of digging (13)
   (You found it on level 6 of the Dungeon)
Scrolls
 h - 2 scrolls of noise {!r}
 l - 4 scrolls of poison
 q - a scroll of silence
 r - 3 scrolls of fog
 t - a scroll of teleportation {@r4}
 w - 3 scrolls of immolation {!r}
 B - 5 scrolls of vulnerability {!r}
 Z - a scroll of blinking
Potions
 d - a potion of resistance
 g - a potion of invisibility
 j - 10 potions of curing {@q1}
 p - 8 potions of haste {@q3}
 x - 7 potions of heal wounds {@q2}
 C - 3 potions of attraction {!q}
 E - a potion of enlightenment
 H - 3 potions of mutation {!q}
 Y - a potion of cancellation
Miscellaneous
 T - a phantom mirror
   (You found it on level 10 of the Dungeon)
 W - a phial of floods
   (You found it on level 1 of the Lair of Beasts)


   Skills:
 + Level 14.8 Fighting
 - Level 15.9(16.0) Axes
 - Level 1.5(10.5) Maces & Flails
 - Level 14.0 Ranged Weapons
 + Level 3.2 Armour
 + Level 2.9 Dodging
 + Level 1.2 Stealth
 + Level 1.8 Shields
 - Level 10.0 Evocations


You had 13 spell levels left.
You didn't know any spells.
Your spell library was empty.

Dungeon Overview and Level Annotations

Branches:
Dungeon (10/15)            Temple (0/1) D:6            Lair (5/5) D:9
 Shoals (0/4) Lair:3        Snake (0/4) Lair:2        Sewer (visited)
 Bailey (visited)
  Slime: Lair:4-5       Orc: D:9-12

Altars:
Ashenzari
Cheibriados
Dithmenos
Elyvilon
Gozag
Okawaru
Ru
Sif Muna
Trog
Vehumet
Yredelemnul
Zin

Shops:
D:3 *

Annotations:
D:10 4 transporters


Innate Abilities, Weirdness & Mutations

You have a pair of horns on your head.
You reflexively headbutt those who attack you in melee.


Message History

Why would you want to do that?
The merfolk avatar chants its luring song.
The drowned soul touches you. The drowned soul drowns you!
You see here a +0 scale mail.
The drowned soul touches you. The drowned soul drowns you!
The drowned soul touches you. The drowned soul drowns you!
The merfolk avatar chants its luring song.
The drowned soul touches you. The drowned soul drowns you!
* * * LOW HITPOINT WARNING * * *
You see here a potion of resistance.
You are too mesmerised to rage.
The merfolk avatar chants its luring song. x2
You see here a book of the Tundra.
You closely miss the merfolk avatar.
You headbutt the merfolk avatar, but do no damage.
You slash the drowned soul!
The merfolk avatar chants its luring song.
The drowned soul touches you. The drowned soul drowns you!
* * * LOW HITPOINT WARNING * * *
You barely miss the merfolk avatar. You closely miss the drowned soul.
The merfolk avatar chants its luring song.
The drowned soul touches you. The drowned soul drowns you!
* * * LOW HITPOINT WARNING * * *
You hit the merfolk avatar but do no damage.
The merfolk avatar is poisoned.
Your headbutt misses the merfolk avatar.
You barely miss the drowned soul. The drowned soul touches you.
The drowned soul drowns you!
* * * LOW HITPOINT WARNING * * *
The merfolk avatar chants its luring song.
Your unstable footing causes you to fumble your attack.
Unknown command.
You slice the merfolk avatar!!
The merfolk avatar looks as sick as possible!
Your headbutt misses the merfolk avatar.
The merfolk avatar chants its luring song.
Your unstable footing causes you to fumble your attack.
The merfolk avatar chants its luring song.
The drowned soul touches you.
* * * LOW HITPOINT WARNING * * *
The drowned soul drowns you!
* * * LOW HITPOINT WARNING * * *
Your unstable footing causes you to fumble your attack.
The merfolk avatar chants its luring song.
Unknown command.
You slash the merfolk avatar!
Your headbutt misses the merfolk avatar.
You closely miss the drowned soul. The drowned soul touches you.
The drowned soul drowns you!
You die...

~.### # ~~.#.~~~ #~
.#~~~~~~# #~ .~ #~
~~~~ ~~#~~.#
~~~#..##~~##8~#~#~#~
~~P~~~#$=!!#~~~~~P~~
~~.~~~~Wm≈)+~~~~.~~~
#@≈W)+~P~~~~~~
#?![!#~~~~~~#
#~#####~8~.~P.#
~~~~~~~~~~#~~~#
~~~~~~~~~~# ~
⌠~~~~~~~~⌠# # ~~#
#####.#######~#####~#
.~~~
~~~~~~~~~~~~~~~~~~~~~
~~~~
~~P~~~~~~~~~~~~~~~~~~


You could see a merfolk avatar (mesmerising, extremely poisoned) and 2 drowned
souls.

Vanquished Creatures
  Kirke (Lair:4)
  Snorg (Lair:4)
  2 hydras
  Erica (D:8)
  2 two-headed ogres
  6 death yaks
  4 skysharks
  The ghost of innerfire43 the Slicer, a novice DsMo of Okawaru (D:8)
  A sea snake (Lair:5)
  4 lindwurms (Lair:2)
  2 manticores
  4 black mambas
  Joseph (D:8)
  5 elephants
  A merfolk siren (Lair:3)
  8 cane toads
  A torpor snail (Lair:3)
  A gargoyle (D:10)
  2 rime drakes
  Maggie (D:7)
  An unseen horror zombie (D:8)
  9 komodo dragons
  2 merfolk (Lair:3)
  A troll (D:10)
  A hornet (Lair:3)
  8 polar bears
  A wind drake (Lair:5)
  9 blink frogs
  4 snapping turtles (Lair:5)
  A wraith (D:10)
  4 wyverns
  32 yaks
  6 hogs (Lair:4)
  2 steam dragons (Lair:5)
  6 basilisks
  23 water moccasins
  3 orc warriors (Bailey)
  2 ice beasts (D:5)
  An ogre (D:5)
  A sky beast (D:8)
  5 black bears
  26 wolves
  4 centaurs
  2 phantoms (D:5)
  Blork the orc (D:5)
  9 kobold brigands
  16 bullfrogs
  9 scorpions
  8 wights
  4 killer bees (D:8)
  7 howler monkeys
  5 electric eels
  A jelly (D:6)
  3 orc priests
  4 sleepcaps
  6 hounds
  Crazy Yiuf (D:5)
  4 iguanas
  2 orc wizards
  A killer bee zombie (D:8)
  6 gnolls
  3 river rats (Sewer)
  11 adders
  3 white imps
  2 ufetubi
  3 worms (D:2)
  2 dart slugs
  21 orcs
  8 ball pythons
  8 endoplasms
  7 giant cockroaches
  8 goblins
  4 hobgoblins
  8 jackals
  26 kobolds
  8 quokkas
  6 bats
  7 frilled lizards
  11 rats
436 creatures vanquished.

Vanquished Creatures (collateral kills)
  A merfolk (Lair:3)
1 creature vanquished.

Grand Total: 437 creatures vanquished

Notes
Turn   | Place    | Note
-------+----------+-------------------------------------------
     0 | D:1      | Pooter the Minotaur Berserker began the quest for the Orb.
     0 | D:1      | Reached XP level 1. HP: 19/19 MP: 0/0
   189 | D:1      | Reached skill level 4 in Axes
   324 | D:1      | Reached XP level 2. HP: 27/27 MP: 1/1
   927 | D:2      | Reached skill level 1 in Ranged Weapons
   950 | D:2      | Reached ** piety under Trog
   958 | D:2      | Reached XP level 3. HP: 29/33 MP: 2/2
  1073 | D:2      | Reached XP level 4. HP: 40/40 MP: 3/3
  1153 | D:2      | Reached skill level 5 in Axes
  1851 | D:3      | Found Ruryawen's General Store.
  2009 | D:3      | Found a glowing drain.
  2027 | Sewer    | Entered a sewer
  2114 | Sewer    | Reached XP level 5. HP: 47/47 MP: 4/4
  2151 | Sewer    | Reached *** piety under Trog
  2321 | Sewer    | Reached skill level 6 in Axes
  2367 | Sewer    | Reached skill level 5 in Fighting
  2367 | Sewer    | Reached XP level 6. HP: 56/56 MP: 5/5
  3235 | D:3      | Found an opulent altar of Gozag.
  3278 | D:3      | Identified the +6 sling of the Candelabrum {elec, Int+2}
  3467 | D:3      | Found a snail-covered altar of Cheibriados.
  3468 | D:3      | Found a sacrificial altar of Ru.
  3514 | D:3      | Found an iron altar of Okawaru.
  3515 | D:3      | Found a bloodstained altar of Trog.
  3677 | D:3      | Reached XP level 7. HP: 44/61 MP: 6/6
  3737 | D:4      | Reached skill level 7 in Axes
  3810 | D:4      | Reached skill level 5 in Ranged Weapons
  4173 | D:5      | Entered Level 5 of the Dungeon
  4229 | D:5      | Reached **** piety under Trog
  4358 | D:5      | Reached skill level 8 in Axes
  4377 | D:5      | Reached XP level 8. HP: 65/70 MP: 7/7
  4490 | D:5      | Identified the +8 flail of Teufely {elec, rF+ Str-2 Int+2}
  4598 | D:5      | Found a runed translucent door.
  4599 | D:5      | Noticed Crazy Yiuf
  4642 | D:5      | Reached skill level 9 in Axes
  4918 | D:5      | Found a broken altar of Ashenzari.
  4989 | D:5      | Found a white marble altar of Elyvilon.
  5012 | D:5      | Noticed Blork the orc
  5020 | D:5      | Killed Blork the orc
  5245 | D:5      | Killed Crazy Yiuf
  5367 | D:6      | Reached XP level 9. HP: 53/79 MP: 8/8
  5588 | D:6      | Found a staircase to the Ecumenical Temple.
  5625 | D:6      | Reached skill level 10 in Axes
  6059 | D:7      | Noticed Maggie
  6067 | D:7      | Killed Maggie
  6258 | D:7      | Reached skill level 1 in Evocations
  6261 | D:7      | Found a flagged portal.
  6266 | Bailey   | Entered a bailey
  6436 | Bailey   | Identified the +4 shortbow of the Vaults {freeze, rElec
                  | rN+++ Int-2 Dex-5}
  6459 | Bailey   | Reached skill level 11 in Axes
  6536 | Bailey   | Identified the +12 dagger "Aubergine" {freeze, Drain rPois
                  | Str-3 Dex+5}
  6551 | Bailey   | Found a bloodstained altar of Trog.
  6962 | D:7      | Reached XP level 10. HP: 89/89 MP: 9/9
  7736 | D:8      | Noticed a two-headed ogre
  7746 | D:8      | Killed a two-headed ogre
  7850 | D:8      | Reached skill level 10 in Ranged Weapons
  8051 | D:8      | Found a runed translucent gate.
  8051 | D:8      | Found a runed translucent gate.
  8051 | D:8      | Found a runed translucent gate.
  8051 | D:8      | Noticed innerfire43's ghost (novice DsMo)
  8053 | D:8      | Found a basalt altar of Yredelemnul.
  8092 | D:8      | Killed innerfire43's ghost
  8093 | D:8      | Reached skill level 12 in Axes
  8216 | D:8      | Noticed Erica
  8229 | D:8      | Killed Erica
  8371 | D:8      | Noticed Joseph
  8388 | D:8      | Killed Joseph
  9019 | D:9      | Found a radiant altar of Vehumet.
  9148 | D:9      | Found a staircase to the Lair.
  9165 | D:9      | Reached XP level 11. HP: 91/97 MP: 10/10
  9184 | D:9      | Reached skill level 13 in Axes
  9263 | D:9      | Noticed a two-headed ogre
  9273 | D:9      | Killed a two-headed ogre
  9445 | D:9      | Found a shadowy altar of Dithmenos.
  9560 | D:9      | Found a shimmering blue altar of Sif Muna.
  9638 | D:10     | Entered Level 10 of the Dungeon
 11021 | D:10     | Reached skill level 1 in Maces & Flails
 11594 | D:10     | Found a transporter.
 11600 | D:10     | Found a transporter.
 11603 | D:10     | Found a transporter.
 11603 | D:10     | Found a transporter.
 11934 | D:10     | Found a transporter.
 11936 | D:10     | Found a transporter.
 12132 | Lair:1   | Entered Level 1 of the Lair of Beasts
 12152 | Lair:1   | Reached skill level 10 in Fighting
 12410 | Lair:1   | Reached skill level 5 in Evocations
 12610 | Lair:1   | Reached skill level 14 in Axes
 12635 | Lair:1   | Found a glowing silver altar of Zin.
 13578 | Lair:2   | Noticed a death yak
 13580 | Lair:2   | Noticed a death yak
 13581 | Lair:2   | Noticed a death yak
 13600 | Lair:1   | Killed a death yak
 13601 | Lair:1   | Reached XP level 12. HP: 52/108 MP: 11/11
 13751 | Lair:2   | Noticed a death yak
 13761 | Lair:2   | Noticed a death yak
 13761 | Lair:2   | Noticed a death yak
 13768 | Lair:1   | Killed a death yak
 13771 | Lair:1   | Killed a death yak
 13815 | Lair:1   | Killed a death yak
 13851 | Lair:1   | Killed a death yak
 13859 | Lair:2   | Killed a death yak
 13860 | Lair:2   | Reached skill level 15 in Axes
 14305 | Lair:2   | Found a staircase to the Snake Pit.
 15616 | Lair:3   | Found a staircase to the Shoals.
 16135 | Lair:3   | Reached XP level 13. HP: 71/118 MP: 12/12
 19167 | Lair:4   | Noticed Kirke
 19179 | Lair:4   | Killed Kirke
 19852 | Lair:5   | Entered Level 5 of the Lair of Beasts
 20042 | Lair:5   | Noticed Snorg
 20272 | Lair:4   | Killed Snorg
 20918 | Lair:5   | Reached skill level 10 in Evocations
 21144 | Lair:5   | Reached skill level 1 in Shields
 21674 | Lair:5   | Reached XP level 14. HP: 131/133 MP: 13/13
 21849 | Lair:5   | Reached skill level 1 in Stealth
 23457 | Lair:5   | HP: 2/133 [drowned by a drowned soul[a merfolk avatar]
                  | (17)]
 23459 | Lair:5   | Drowned by a drowned soul

Illustrated notes

Levels and vault maps discovered:
D:1:      spicycebolla_arrival_ecumenical, layout_basic
D:2:      layout_basic
D:3:      layout_loops_ring, grunt_temple_overflow_bloody_war,
          gammafunk_temple_overflow_pools, mainiacjoe_overflow_alcove_4,
          gup_sewer_entry_pipe, serial_shops, nicolae_shop_stone
D:4:      layout_rooms
D:5:      layout_loops_ring, mainiacjoe_overflow_catch_the_wave, minivault_14,
          minmay_checkerbox, uniq_blork_the_orc, uniq_crazy_yiuf_cottage
D:6:      layout_cave_pools, minmay_temple_entry_grid
D:7:      layout_loops_corners, enter_bailey_3, uniq_maggie
D:8:      layout_basic, nicolae_yredelemnul_ghost_church, uniq_joseph,
          uniq_erica
D:9:      layout_basic, lemuel_crystal_altar, lemuel_crystal_altar,
          mainiacjoe_overflow_cross_hatched, david_lair_generic
D:10:     layout_basic, serial_nicolae_subway, nicolae_sub_station_crystal,
          nicolae_sub_station_metal, nicolae_sub_station_stone
Lair:1:   layout_chaotic_city, basic_altar, beast_lair_carwin_5,
          grunt_megastairs_4
Lair:2:   layout_regular_city, minmay_snake_entry_six_corridors,
          nicolae_lair_lindhole
Lair:3:   layout_long_grid, elwin_shoals_entry_stream, pdpol_lair_cavern_descent
Lair:4:   layout_layer_cave, infiniplex_staircase_pool, serial_bayou_shore_b,
          grunt_megastairs_3, uniq_kirke
Lair:5:   gammafunk_lair_ancient_temple, layout_regular_city, slime_entry_1,
          uniq_snorg

Skill      XL: |  1  2  3  4  5  6  7  8  9 10 11 12 13 14 |
---------------+-------------------------------------------+-----
Axes           | 4 5 6 8 9 11 12 14 15 | 15.9
Fighting       | 4 5 6 7 8 9 10 12 14 | 14.8
Ranged Weapons | 1 2 3 4 6 8 9 11 12 14 | 14.0
Evocations     | 2 4 5 7 10 | 10.0
Maces & Flails | 1 |  1.5
Shields        | 1 |  1.8
Armour         | 3 |  3.2
Stealth        | 1 |  1.2
Dodging        | |  2.9

Action                     |  1- 3 |  4- 6 |  7- 9 | 10-12 | 13-15 || total
---------------------------+-------+-------+-------+-------+-------++-------
  Melee: Hand axe          |    26 |    92 |       |       |       ||   118
         Headbutt          |     3 |    27 |    27 |    71 |    66 ||   194
         War axe           |       |    28 |   147 |    37 |       ||   212
         Flail             |       |       |     5 |    94 |       ||    99
         Broad axe         |       |       |       |   238 |   247 ||   485
         Scimitar          |       |       |       |       |    10 ||    10
   Fire: Sling             |    37 |   130 |   124 |   188 |   176 ||   655
  Throw: Dart              |       |       |     3 |     3 |    16 ||    22
         Boomerang         |       |       |       |     1 |     4 ||     5
 Invoke: Berserk           |     2 |     2 |     8 |    10 |     6 ||    28
         Trog's Hand       |       |     3 |     5 |    14 |     6 ||    28
  Evoke: Wand              |       |       |     2 |     2 |       ||     4
         Phantom mirror    |       |       |       |     1 |       ||     1
    Use: Scroll            |     2 |     4 |    14 |     9 |     2 ||    31
         Potion            |       |       |     2 |     1 |       ||     3
 Armour: Animal skin       |     2 |       |       |       |       ||     2
         Scale mail        |     1 |    53 |       |       |       ||    54
         Chain mail        |       |    35 |   112 |     1 |       ||   148
         Plate armour      |       |       |       |   224 |   150 ||   374
  Dodge: Dodged            |    26 |    67 |    81 |   212 |   159 ||   545
  Block: Buckler           |       |     9 |    18 |     1 |       ||    28
         Kite shield       |       |       |       |   127 |    88 ||   215

Table legend: (Time is in decaauts)
 A = Elapsed time spent in this place.
 B = Non-inter-level travel time spent in this place.
 C = Inter-level travel time spent in this place.
 D = Time resting spent in this place.
 E = Time spent auto-exploring this place.
 F = Levels seen in this place.
 G = Mean time per level.
                   A        B        C        D        E       F      G
               +--------+--------+--------+--------+--------+-----+--------+
         Total |  24110 |  23706 |    404 |  10064 |   9587 |  17 | 1418.2 |
       Dungeon |  11311 |  11019 |    292 |   3331 |   5565 |  10 | 1131.1 |
          Lair |  11289 |  11178 |    111 |   6402 |   3396 |   5 | 2257.8 |
         Sewer |   1096 |   1096 |      0 |    135 |    584 |   1 | 1096.0 |
        Bailey |    413 |    413 |      0 |    195 |     40 |   1 |  413.0 |
               +--------+--------+--------+--------+--------+-----+--------+

Top non-repeatable levels by time:
  Lair:4: 3497 daAuts
    D:10: 2495 daAuts
  Lair:5: 2475 daAuts
  Lair:2: 1940 daAuts
  Lair:3: 1844 daAuts
  Lair:1: 1530 daAuts
     D:7: 1465 daAuts
     D:8: 1165 daAuts
     D:5: 1148 daAuts
   Sewer: 1096 daAuts
     D:3: 1054 daAuts
     D:9: 1039 daAuts
     D:2: 994 daAuts
     D:1: 855 daAuts
     D:6: 580 daAuts
